 Dungeon Crawl Stone Soup version 0.30-a0-782-ge64f9170bb (webtiles) character file.

Game seed: 6558886571205791964

29260 Essalna the Geomancer (level 13, -7/88 HPs)
             Began as a Gargoyle Earth Elementalist on Feb 21, 2023.
             Was a Priest of Vehumet.
             Killed from afar by a lindwurm (31 damage)
             ... with a blast of flame
             ... on level 5 of the Lair of Beasts.
             The game lasted 00:37:12 (14522 turns).

Essalna the Geomancer (GrEE)                       Turns: 14522, Time: 00:37:12

Health: -7/88      AC: 16    Str: 13    XL:     13   Next: 44%
Magic:  13/16      EV: 14    Int: 32    God:    Vehumet [***...]
Gold:   1040       SH:  5    Dex: 10    Spells: 4/16 levels left

rFire   . . .      SeeInvis .    R - +8 frozen axe "Frostbite" {freeze, freezing cloud, *Noise Fly rC+}
rCold   + + .      Faith    .    (shield currently unavailable)
rNeg    + . .      Spirit   .    J - +1 robe {rC+}
rPois   ∞          Reflect  +    j - +0 helmet
rElec   +          Harm     .    (no cloak)
rCorr   .          Rampage  .    g - +0 pair of gloves
Will    .....                    (no boots)
Stlth   ++                       e - amulet of reflection
HPRegen 0.34/turn                n - +6 ring of intelligence
MPRegen 0.15/turn                G - +6 ring of intelligence

@: about to teleport, flying, slowed, very slow
A: sickness immunity, AC +9, negative energy resistance 1, electricity
resistance, torment resistance 1, petrification resistance
a: Renounce Religion


You were on level 5 of the Lair of Beasts.
You worshipped Vehumet.
Vehumet was most pleased with you.
You visited 3 branches of the dungeon, and saw 14 of its levels.

You collected 1040 gold pieces.

Inventory:

Hand Weapons
 b - a +1 dagger of protection
 B - a +1 whip of pain
 R - the +8 frozen axe "Frostbite" (weapon) {freeze, freezing cloud, *Noise Fly rC+}
   (You found it on level 5 of the Lair of Beasts)

   rC:        It protects you from cold.
   Fly:       It grants you flight.
   *Noise:    It may make noises in combat.
Armour
 a - a +0 robe
 d - a +0 buckler
 g - a +0 pair of gloves (worn)
 j - a +0 helmet (worn)
 J - a +1 robe of cold resistance (worn)
 P - +0 acid dragon scales
Jewellery
 e - an amulet of reflection (around neck)
 n - a +6 ring of intelligence (left hand)
 r - a ring of resist corrosion
 t - a ring of protection from fire
 x - a ring of wizardry
 G - a +6 ring of intelligence (right hand)
 H - a +6 ring of dexterity
 I - a +4 ring of protection
 K - a +4 ring of protection
 L - a ring of ice
 O - a +5 ring of evasion
Wands
 s - a wand of acid (35)
 z - a wand of digging (2)
 F - a wand of flame (18)
 N - a wand of charming (7)
 Q - a wand of polymorph (2)
Scrolls
 h - 3 scrolls of magic mapping
 k - 15 scrolls of identify
 l - 3 scrolls of amnesia
 p - 5 scrolls of teleportation
 u - a scroll of silence
 y - 3 scrolls of immolation
 A - 3 scrolls of fog
Potions
 c - 5 potions of curing
 f - 4 potions of flight {unknown}
 i - 4 potions of might {unknown}
 m - 3 potions of cancellation {unknown}
 o - 3 potions of brilliance {unknown}
 q - 3 potions of heal wounds {unknown}
 v - 2 potions of resistance {unknown}
 w - a potion of attraction {unknown}
 C - 2 potions of lignification {unknown}
 D - 3 potions of degeneration {unknown}
 E - a potion of ambrosia {unknown}
 M - a potion of haste {unknown}


   Skills:
 + Level 13.6 Fighting
 + Level 10.5 Armour
 + Level 8.3 Dodging
 - Level 2.1 Stealth
 - Level 4.0 Shields
 - Level 2.0 Spellcasting
 - Level 0.7 Transmutations
 + Level 4.9 Fire Magic
 - Level 14.0 Earth Magic


You had 4 spell levels left.
You knew the following spells:

 Your Spells              Type           Power      Damage    Failure   Level
a - Sandblast             Erth           100%       2d20      0%          1
b - Stone Arrow           Conj/Erth      96%        3d13      1%          3
c - Ignition              Fire           17%        3d7       100%        8

Your spell library contained the following spells:

 Spells                   Type           Power      Damage    Failure   Level
 Frozen Ramparts          Ice            6%         1d1       5%          3
 Magic Dart               Conj           12%        1d3       1%          1
 Passwall                 Tmut/Erth      41%        N/A       1%          2
 Ignite Poison            Fire/Tmut/Pois 15%        N/A       2%          3
 Searing Ray              Conj           6%         2d4       3%          2
 Petrify                  Tmut/Erth      50%        N/A       3%          4
 Beastly Appendage        Tmut           14%        N/A       5%          1
 Dazzling Flash           Conj/Hex       6%         N/A       5%          3
 Mephitic Cloud           Conj/Pois/Air  3%         N/A       5%          3
 Sting                    Tmut/Pois      20%        1d4       6%          1
 Slow                     Hex            12%        N/A       7%          1
 Sticky Flame             Conj/Fire      19%        2d4       7%          4
 Wereblood                Tmut           7%         N/A       8%          2
 Call Imp                 Summ           3%         N/A       11%         2
 Fulminant Prism          Conj/Hex       1%         3d5       17%         4
 Iskenderun's Mystic Bla  Conj/Tloc      3%         2d3       17%         4
 Confusing Touch          Hex            3%         N/A       21%         3
 Ozocubu's Armour         Ice            3%         N/A       21%         3
 Vampiric Draining        Necr           3%         2d6       21%         3
 Starburst                Conj/Fire      9%         6d5       65%         6
 Ozocubu's Refrigeration  Ice            1%         4d7       100%        7


Dungeon Overview and Level Annotations

Branches:
Dungeon (8/15)             Temple (1/1) D:7            Lair (5/5) D:8
 Shoals (0/4) Lair:3        Snake (0/4) Lair:3        Slime (0/5) Lair:5

Altars:
Ashenzari
Fedhas
Hepliaklqana
Makhleb
Nemelex Xobeh
Okawaru
Ru
Sif Muna
Trog
Uskayaw
Vehumet
Wu Jian
Zin
The Shining One
Jiyva

Shops:
D:6 (   D:7 (

Annotations:
D:6 Eustachio
D:8 Gastronok
Lair:1 2 transporters, Rubrisal's ghost, journeyman SpEn
Lair:2 exclusion: ice statue
Lair:5 1 runed translucent door


Innate Abilities, Weirdness & Mutations

You are immune to sickness and miasma.
Your stone body is resilient. (AC +9)
You are immune to poison.
You resist negative energy. (rN+)
You are resistant to electric shocks. (rElec)
You are resistant to unholy torment.
You are immune to petrification.


Message History

Aiming: Sandblast (safe; 0% risk of failure)
Press: ? - help, Shift-Dir - straight line, f/p - hornet
Aim: a hornet (almost dead, 78% to hit)
The blast of sand hits the hornet!
You kill the hornet!
Vehumet accepts your kill.
You feel your power returning.
Being near the torpor snail leaves you feeling lethargic.
Casting: Sandblast (safe; 0% risk of failure)
Confirm with . or Enter, or press ? or * to list all spells.
Aiming: Sandblast (safe; 0% risk of failure)
Press: ? - help, Shift-Dir - straight line, f - lindwurm
Aim: a lindwurm (93% to hit)
The blast of sand hits the lindwurm!
The lindwurm is moderately wounded.
The lindwurm bites you!
* * * LOW HITPOINT WARNING * * *
The lindwurm claws you but does no damage. x2
The lindwurm bites you but does no damage.
The lindwurm claws you but does no damage. x2
The lindwurm breathes flames at you.
The blast of flame hits you but does no damage.
Okay, then.
As you read the scroll of teleportation, it crumbles to dust.
You feel strangely unstable. You block the lindwurm's attack.
The lindwurm barely misses you. The lindwurm closely misses you.
Casting: Sandblast (safe; 0% risk of failure)
Confirm with . or Enter, or press ? or * to list all spells.
Aiming: Sandblast (safe; 0% risk of failure)
Press: ? - help, Shift-Dir - straight line, f/p - lindwurm
Aim: a lindwurm (moderately wounded, 93% to hit)
The blast of sand hits the lindwurm but does no damage.
The lindwurm is moderately wounded.
You feel yourself speed up. You block the lindwurm's attack.
The lindwurm claws you but does no damage. x2
Being near the torpor snail leaves you feeling lethargic.
The lindwurm breathes flames at you. The blast of flame hits you!!
You die... #..P...... .y... #......... yyk|#

##...#.### ..PP
##.P...## ####..P
##..##.## #.#...
#....### ..####...
###..## $
........#### ##..#
$. #.....†.#@#
#..####D$
#.#.P..wk####
##...#+#
#.##.....#.# ##.⌠.##
# ###.....###
###...#
#..#.....#####...###
P....##.....#.#...##
.....#####........##
..#### ####.P.##.# #
########


You could see a torpor snail and a lindwurm (catching breath).

Vanquished Creatures
  A fire dragon (Lair:5)
  A hydra (Lair:5)
  Fannar (Lair:2)
  11 death yaks
  Sonja (Lair:1)
  Nergalle (Lair:1)
  A skyshark (Lair:2)
  A swamp dragon (Lair:5)
  A lindwurm (Lair:3)
  A salamander (Lair:3)
  2 black mambas (Lair:5)
  6 elephants
  2 torpor snails (Lair:5)
  6 cane toads
  6 komodo dragons
  4 rime drakes
  3 polar bears
  2 hornets (Lair:5)
  11 blink frogs
  2 slime creatures (Lair:5)
  3 wyverns
  10 yaks (Lair:4)
  3 basilisks
  2 steam dragons
  3 acid dragons (Lair:5)
  11 water moccasins
  An orc warrior (D:6)
  5 ice beasts (Lair:2)
  A black bear (Lair:3)
  3 wolves (Lair:5)
  4 centaurs (Lair:3)
  11 bullfrogs
  A necrophage (D:5)
  A gnoll sergeant (D:5)
  4 scorpions
  3 wights (D:7)
  A howler monkey (D:4)
  4 lava snakes (Lair:3)
  4 hounds (D:6)
  7 jellies
  A gnoll bouda (D:5)
  8 iguanas
  2 orc wizards
  8 adders
  8 gnolls
  A shadow imp (D:4)
  2 white imps (Lair:2)
  An ufetubus (D:5)
  A worm (D:3)
  3 dart slugs
  14 orcs
  8 bats
  6 endoplasms
  3 giant cockroaches
  6 goblins
  5 hobgoblins
  A quokka (D:4)
  6 ball pythons
  4 frilled lizards
  A kobold (D:4)
  5 rats
240 creatures vanquished.

Vanquished Creatures (others)
  80 fungi
  84 plants
164 creatures vanquished.

Grand Total: 404 creatures vanquished

Notes
Turn   | Place    | Note
-------+----------+-------------------------------------------
     0 | D:1      | Essalna the Gargoyle Earth Elementalist began the quest for
                  | the Orb.
     0 | D:1      | Reached XP level 1. HP: 10/10 MP: 3/3
   167 | D:1      | Reached skill level 1 in Fighting
   185 | D:1      | Reached skill level 4 in Earth Magic
   185 | D:1      | Reached XP level 2. HP: 16/16 MP: 3/5
   811 | D:2      | Reached XP level 3. HP: 21/21 MP: 4/6
   815 | D:2      | Learned a level 3 spell: Stone Arrow
   973 | D:2      | Found a faded altar of an unknown god.
  1571 | D:3      | Reached XP level 4. HP: 25/27 MP: 1/7
  1770 | D:3      | Reached skill level 5 in Earth Magic
  1814 | D:3      | Found a sacrificial altar of Ru.
  1970 | D:3      | Found a burning altar of Makhleb.
  2096 | D:4      | Noticed a scorpion
  2104 | D:4      | Killed a scorpion
  2105 | D:4      | Reached XP level 5. HP: 32/32 MP: 2/8
  2481 | D:4      | Reached skill level 6 in Earth Magic
  2649 | D:4      | Reached XP level 6. HP: 39/39 MP: 6/9
  2807 | D:4      | Identified the ring "Deginus" {Ice Str+3 Int-4}
  2925 | D:5      | Entered Level 5 of the Dungeon
  2979 | D:5      | Found a shimmering blue altar of Sif Muna.
  3237 | D:5      | Reached skill level 5 in Fighting
  3237 | D:5      | Reached skill level 7 in Earth Magic
  3237 | D:5      | Reached XP level 7. HP: 44/44 MP: 5/10
  3746 | D:5      | Found a broken altar of Ashenzari.
  4002 | D:5      | Found a blossoming altar of Fedhas.
  4328 | D:6      | Found Nagunal's Antique Weapon Emporium.
  4368 | D:6      | Reached skill level 8 in Earth Magic
  4394 | D:6      | Noticed Eustachio
  4467 | D:6      | Reached XP level 8. HP: 52/52 MP: 8/11
  4916 | D:6      | Reached skill level 9 in Earth Magic
  5137 | D:7      | Noticed a komodo dragon
  5146 | D:7      | Killed a komodo dragon
  5377 | D:7      | Reached skill level 10 in Earth Magic
  5456 | D:7      | Reached XP level 9. HP: 48/60 MP: 5/12
  5558 | D:7      | Found a staircase to the Ecumenical Temple.
  5585 | Temple   | Entered the Ecumenical Temple
  5603 | Temple   | Became a worshipper of Vehumet
  5699 | D:7      | Found Xiuc's Antique Weapon Shop.
  5759 | D:7      | Reached skill level 1 in Armour
  5778 | D:7      | Got the Information on Configuration
  6118 | D:8      | Found a staircase to the Lair.
  6123 | D:8      | Noticed Gastronok
  6133 | Lair:1   | Entered Level 1 of the Lair of Beasts
  6133 | Lair:1   | Noticed Nergalle
  6154 | Lair:1   | Noticed a cane toad
  6338 | Lair:1   | Killed a cane toad
  6410 | Lair:1   | Noticed a seven-headed hydra
  6416 | Lair:1   | Noticed a cane toad
  6419 | Lair:1   | Found a transporter.
  6570 | Lair:1   | Noticed a rime drake
  6571 | Lair:1   | Noticed Rubrisal's ghost (journeyman SpEn)
  6573 | Lair:1   | Found a transporter.
  6642 | Lair:1   | Noticed a polar bear
  6645 | Lair:1   | Reached skill level 11 in Earth Magic
  6664 | Lair:1   | Killed a polar bear
  6876 | Lair:1   | Reached XP level 10. HP: 67/67 MP: 10/13
  6985 | Lair:1   | Noticed Sonja
  6991 | Lair:1   | Killed Sonja
  6992 | Lair:1   | Reached skill level 10 in Fighting
  7134 | Lair:1   | Killed Nergalle
  7135 | Lair:1   | Reached skill level 5 in Armour
  7334 | Lair:2   | Noticed Fannar
  7344 | Lair:2   | Killed Fannar
  7345 | Lair:2   | Reached skill level 12 in Earth Magic
  7642 | Lair:2   | Noticed a death yak
  7643 | Lair:2   | Noticed a death yak
  7755 | Lair:2   | HP: 3/68 [komodo dragon (21)]
  8008 | Lair:2   | Noticed a cane toad
  8015 | Lair:2   | Noticed a death yak
  8197 | Lair:2   | Noticed an ice statue
  8263 | Lair:2   | Reached skill level 5 in Dodging
  8417 | Lair:2   | Reached XP level 11. HP: 73/73 MP: 9/14
  8431 | Lair:2   | Reached * piety under Vehumet
  8431 | Lair:2   | Offered knowledge of Kiss of Death by Vehumet.
  8662 | Lair:2   | Noticed a skyshark
  8668 | Lair:2   | Killed a skyshark
  8903 | Lair:2   | Noticed a four-headed hydra
  8922 | Lair:2   | HP: 3/74 [four-headed hydra (6)]
  9250 | Lair:3   | Reached skill level 13 in Earth Magic
  9416 | Lair:3   | Found a staircase to the Shoals.
 10034 | Lair:3   | Noticed a salamander
 10040 | Lair:3   | Killed a salamander
 10115 | Lair:3   | Found a staircase to the Snake Pit.
 10491 | Lair:3   | Noticed a lindwurm
 10496 | Lair:3   | Noticed a lindwurm
 10497 | Lair:3   | Noticed a lindwurm
 10497 | Lair:3   | Noticed a lindwurm
 10500 | Lair:3   | Killed a lindwurm
 10501 | Lair:3   | Reached skill level 1 in Shields
 10502 | Lair:3   | HP: 2/76 [lindwurm/blast of flame (30)]
 10895 | Lair:4   | Noticed a death yak
 10895 | Lair:4   | Noticed a death yak
 10895 | Lair:4   | Noticed a death yak
 10895 | Lair:4   | Noticed a death yak
 10896 | Lair:4   | Noticed a death yak
 10896 | Lair:4   | Noticed a death yak
 10908 | Lair:4   | Killed a death yak
 10910 | Lair:4   | Killed a death yak
 10910 | Lair:4   | Killed a death yak
 10910 | Lair:4   | Offered knowledge of Shock by Vehumet.
 10911 | Lair:4   | Reached XP level 12. HP: 60/81 MP: 15/15
 10919 | Lair:4   | Killed a death yak
 10919 | Lair:4   | Reached ** piety under Vehumet
 10923 | Lair:4   | Killed a death yak
 10924 | Lair:4   | Killed a death yak
 11774 | Lair:4   | Reached skill level 14 in Earth Magic
 12221 | Lair:5   | Entered Level 5 of the Lair of Beasts
 12231 | Lair:5   | Learned a level 8 spell: Ignition
 12278 | Lair:5   | Found the +8 frozen axe "Frostbite" {freeze, freezing
                  | cloud, *Noise Fly rC+}
 12329 | Lair:5   | Reached skill level 1 in Fire Magic
 12499 | Lair:5   | HP: 2/82 [black mamba (13)]
 12765 | Lair:5   | Noticed a six-headed hydra
 12765 | Lair:5   | Found a viscous altar of Jiyva.
 12765 | Lair:5   | Found a staircase to the Slime Pits.
 12880 | Lair:5   | Offered knowledge of Frozen Ramparts by Vehumet.
 12910 | Lair:5   | Noticed a death yak
 12930 | Lair:5   | Killed a death yak
 12991 | Lair:5   | Noticed a death yak
 12999 | Lair:5   | Noticed a death yak
 13002 | Lair:5   | Noticed a death yak
 13004 | Lair:5   | Noticed a death yak
 13006 | Lair:5   | Killed a death yak
 13163 | Lair:5   | Killed a six-headed hydra
 13164 | Lair:5   | Reached XP level 13. HP: 88/88 MP: 9/16
 13345 | Lair:5   | Reached skill level 10 in Armour
 13397 | Lair:5   | Reached *** piety under Vehumet
 13635 | Lair:5   | Noticed a fire dragon
 13646 | Lair:5   | Killed a fire dragon
 14213 | Lair:5   | Identified the +5 war axe of the Imbibing Gods {protect,
                  | Fragile Fly rElec rF++}
 14330 | Lair:5   | Found a runed translucent door.
 14331 | Lair:5   | Noticed a fire dragon
 14522 | Lair:5   | Killed from afar by a lindwurm

Illustrated notes

Levels and vault maps discovered:
D:1:      lemuel_arrival_behind_the_door_small, layout_basic
D:2:      layout_basic, shapermc_ecumenical_altar_starsandcircs, hex_medium
D:3:      layout_rooms, nicolae_ru_awakened_eye, bloody_makhleb, nicolae_titane
D:4:      layout_loops_ring
D:5:      minmay_inner_zag, layout_basic, nicolae_overflow_crystal_walls,
          mainiacjoe_overflow_catch_the_wave, nicolae_grassy_gnolls
D:6:      layout_basic, serial_shops, shop, grunt_decor_clamped, uniq_eustachio
D:7:      layout_cave_pods, temple_pool_b, serial_shops,
          nicolae_take_the_stairs, minivault_10, corexii_leaking_fountain
D:8:      layout_basic, lair_entry_dummy, uniq_gastronok
Temple:   chequers_temple_sunken
Lair:1:   layout_regular_city, gammafunk_ghost_arena, uniq_nergalle, uniq_sonja
Lair:2:   layout_chaotic_city, ice2_lemuel, lemuel_fruit_fields,
          grunt_megastairs_2, uniq_fannar
Lair:3:   layout_cave_pods, minmay_shoals_entry_centaurs,
          nicolae_snake_entry_warm_welcome, st_stairs_12, minmay_lindwurm_lava
Lair:4:   layout_cave_pods
Lair:5:   guppyfry_lair_end_dragon, layout_gridlike, wormcave,
          minmay_slime_entry_pillars, serial_bayou_shore_b, serial_bayou_shore_b

Skill      XL: |  1  2  3  4  5  6  7  8  9 10 11 12 13 |
---------------+----------------------------------------+-----
Fighting       | 1 2 3 4 5 6 8 9 10 12 13 | 13.6
Earth Magic    | 4 5 6 7 8 10 11 12 13 14 | 14.0
Armour         | 3 6 8 9 10 | 10.5
Dodging        | 3 5 6 7 8 |  8.3
Shields        | 2 4 |  4.0
Fire Magic     | 3 4 |  4.9
Stealth        | |  2.1
Spellcasting   | |  2.0
Transmutations | |  0.7

Action                     |  1- 3 |  4- 6 |  7- 9 | 10-12 | 13-15 || total
---------------------------+-------+-------+-------+-------+-------++-------
  Melee: Unarmed           |     7 |     1 |       |       |       ||     8
         Whip              |       |       |     8 |    11 |     4 ||    23
         Executioner's axe |       |       |       |       |    24 ||    24
   Cast: Sandblast         |    46 |    60 |    92 |   266 |    60 ||   524
         Stone Arrow       |       |     3 |    14 |    45 |    17 ||    79
  Evoke: Wand              |       |       |       |     1 |       ||     1
    Use: Scroll            |       |     7 |     6 |     7 |     1 ||    21
         Potion            |       |     1 |       |       |       ||     1
   Stab: Sleeping          |       |       |     1 |       |       ||     1
 Armour: Robe              |    16 |     5 |    18 |    88 |    37 ||   164
  Dodge: Dodged            |    22 |    23 |    54 |   151 |    43 ||   293
  Block: Other             |     1 |     7 |    17 |    21 |    11 ||    57
         Buckler           |       |       |       |    67 |    20 ||    87
         Reflection        |       |       |       |     4 |     1 ||     5

Table legend: (Time is in decaauts)
 A = Elapsed time spent in this place.
 B = Non-inter-level travel time spent in this place.
 C = Inter-level travel time spent in this place.
 D = Time resting spent in this place.
 E = Time spent auto-exploring this place.
 F = Levels seen in this place.
 G = Mean time per level.
                   A        B        C        D        E       F      G
               +--------+--------+--------+--------+--------+-----+--------+
         Total |  14850 |  14254 |    596 |    573 |  11442 |  14 | 1060.7 |
       Dungeon |   6187 |   5949 |    238 |    105 |   5035 |   8 |  773.4 |
        Temple |     36 |     21 |     15 |      0 |     12 |   1 |   36.0 |
          Lair |   8626 |   8283 |    343 |    468 |   6394 |   5 | 1725.2 |
               +--------+--------+--------+--------+--------+-----+--------+

Top non-repeatable levels by time:
  Lair:4: 1945 daAuts
  Lair:3: 1908 daAuts
  Lair:5: 1897 daAuts
  Lair:1: 1464 daAuts
  Lair:2: 1411 daAuts
     D:5: 1188 daAuts
     D:7: 1021 daAuts
     D:4: 998 daAuts
     D:1: 769 daAuts
     D:6: 765 daAuts
     D:2: 693 daAuts
     D:3: 613 daAuts
     D:8: 137 daAuts
  Temple: 36 daAuts
